 Dungeon Crawl Stone Soup version 0.32-a0-42-ga30500b4d3 (webtiles) character file.

Game seed: 14656507470140042658

9882 cforsyth the Fighter (level 11, -5/91 HPs)
             Began as a Djinni Hedge Wizard on Jan 31, 2024.
             Was an Initiate of Gozag.
             Killed from afar by a gargoyle (21 damage)
             ... with a stone arrow
             ... on level 11 of the Dungeon.
             The game lasted 00:21:01 (13100 turns).

cforsyth the Fighter (Djinni Hedge Wizard)         Turns: 13100, Time: 00:21:02

Health: -5/91      AC:  5    Str:  9    XL:     11   Next: 82%
Gold:   1603       EV: 17    Int: 20    God:    Gozag SH:  0 Dex: 13

rFire   + + .        (no weapon)
rCold   . . .        (no shield)
rNeg    . . .        b - +0 robe
rPois   ∞            h - +1 helmet
rElec   .            l - +0 cloak
rCorr   .            (no gloves)
SInv    .            (boots unavailable)
Will    +....        (no amulet)
Stlth   ++           w - +5 ring of evasion
HPRegen 0.35/turn    E - ring of protection from cold
MPRegen 0.00/turn

%: infuse magic (-6 HP)
@: flying
A: sickness immunity, fire resistance 2, cold vulnerability 1, float, innate
caster, HP casting, extra vitality 1
a: Renounce Religion, Potion Petition, Call Merchant, Bribe Branch


You were on level 11 of the Dungeon.
You worshipped Gozag.
Gozag was most pleased with you.
You visited 2 branches of the dungeon, and saw 12 of its levels.
You also visited: Ossuary.

You collected 1832 gold pieces.
You spent 160 gold pieces at shops.
You paid 69 gold pieces to Gozag.

Inventory:

Hand Weapons
 a - a +2 scythe of freezing
 g - a +2 dagger of holy wrath
 i - a +2 dagger of speed
Missiles
 u - a throwing net
Armour
 b - a +0 robe (worn)
 h - a +1 helmet (worn)
 l - a +0 cloak (worn)
Jewellery
 w - a +5 ring of evasion (left hand)
 E - a ring of protection from cold (right hand)
 G - a +6 ring of dexterity
Wands
 j - a wand of flame (16)
 x - a wand of quicksilver (8)
 H - a wand of roots (4)
 J - a wand of polymorph (3)
Scrolls
 e - 2 scrolls of blinking {unknown}
 f - 3 scrolls of enchant armour
 n - 4 scrolls of fear
 o - 4 scrolls of teleportation
 q - a scroll of torment {unknown}
 s - 2 scrolls of noise {unknown}
 v - 4 scrolls of amnesia {unknown}
 y - 2 scrolls of poison {unknown}
 B - a scroll of fog {unknown}
 D - a scroll of acquirement {unknown}
 F - a scroll of vulnerability {unknown}
 I - 2 scrolls of identify
 K - a scroll of enchant weapon {unknown}
Potions
 c - a potion of invisibility {unknown}
 d - 4 potions of might
 k - 5 potions of lignification
 m - 7 potions of haste
 p - 2 potions of resistance {unknown}
 r - a potion of berserk rage
 t - 2 potions of brilliance
 z - 4 potions of curing
 A - 5 potions of attraction
 C - 2 potions of mutation


   Skills:
 + Level 12.8 Fighting
 - Level 2.1 Dodging
 - Level 1.5 Stealth
 + Level 10.2 Spellcasting
 + Level 10.2 Conjurations
 + Level 10.2 Hexes
 + Level 10.2 Summonings
 + Level 10.2 Necromancy
 + Level 10.2 Translocations
 + Level 10.2 Fire Magic
 + Level 10.2 Ice Magic
 + Level 10.2 Air Magic
 + Level 10.2 Earth Magic
 + Level 10.2 Alchemy


You knew the following spells:

 Your Spells              Type           Power      Damage    Failure   Level
a - Magic Dart            Conj           100%       1d8       1%          1
b - Slow                  Hex            100%       N/A       1%          1
c - Blink                 Tloc           100%       N/A       1%          2
d - Call Imp              Summ           100%       N/A       1%          2
e - Mephitic Cloud        Conj/Alch/Air  50%        N/A       1%          3
f - Kiss of Death         Conj/Necr      100%       2d13      1%          1
g - Momentum Strike       Conj/Tloc      100%       3d10      1%          2
h - Dazzling Flash        Conj/Hex       100%       N/A       1%          3
i - Flame Wave            Conj/Fire      50%        2d12      1%          4
j - Leda's Liquefaction   Alch/Erth      25%        N/A       1%          4
Your spell library was empty.

Dungeon Overview and Level Annotations

Branches:
Dungeon (11/15)            Temple (1/1) D:5            Lair (0/5) D:8
    Orc (0/2) D:9         Ossuary (visited)

Altars:
Ashenzari
Cheibriados
Dithmenos
Elyvilon
Fedhas
Gozag
Hepliaklqana
Makhleb
Nemelex Xobeh
Okawaru
Qazlal
Ru
Trog
Uskayaw
Wu Jian
Xom
Yredelemnul
Zin
The Shining One

Shops:
D:1 =   D:9 *


Innate Abilities, Weirdness & Mutations

You are immune to sickness and miasma.
You are immune to poison.
Your flesh is very heat resistant. (rF++)
You are vulnerable to cold. (rC-)
You float through the air rather than walking.
You learn spells naturally, not from books.
Your magical power is your life essence.
You have superior vitality. (+4 MHP)


Message History

Casting: Flame Wave (mildly dangerous; 1% risk of failure)
Confirm with . or Enter, or press ? or * to list all spells.
Casting: Flame Wave (mildly dangerous; 1% risk of failure)
Press: ? - help, Dir - look around, f - activate A wave of flame ripples out!
The flame wave engulfs the gargoyle.
The gargoyle is almost destroyed. (Press . to intensify the flame waves.)
The gargoyle closely misses you.
A wave of flame ripples out!
The flame wave engulfs the gargoyle.
The gargoyle is almost destroyed.
The gargoyle hurls a stone arrow at you.
The stone arrow hits you!
A wave of flame ripples out!
The flame wave engulfs the gargoyle but does no damage.
The gargoyle is almost destroyed.
You finish channelling waves of flame.
The gargoyle hits you with a +0 flail!
Casting: Flame Wave (mildly dangerous; 1% risk of failure)
Confirm with . or Enter, or press ? or * to list all spells.
Casting: Flame Wave (mildly dangerous; 1% risk of failure)
Press: ? - help, Dir - look around, f - activate A wave of flame ripples out!
The flame wave engulfs the gargoyle but does no damage.
The gargoyle is almost destroyed. (Press . to intensify the flame waves.)
The gargoyle hits you with a +0 flail!
A wave of flame ripples out!
The flame wave engulfs the gargoyle but does no damage.
The gargoyle is almost destroyed.
* * * LOW HITPOINT WARNING * * *
The gargoyle hits you with a +0 flail!
* * * LOW HITPOINT WARNING * * *
A wave of flame ripples out!
The flame wave engulfs the gargoyle but does no damage.
The gargoyle is almost destroyed.
* * * LOW HITPOINT WARNING * * *
You finish channelling waves of flame.
The gargoyle hurls a stone arrow at you.
The stone arrow hits you!!
You die...
Your body crumbles into a pile of gold.

.
####.#.####.....#...#.####...#
#......9..................#
###.###.####.#...#..[.....#
..........#.#...#.(....###
###.#...##.#.#####......#
#.#.####.#............# ...>
#.........###### ####
#.........# #@........#
.#######9...######
..9.........# .#.........##
#.#########


You could see a gargoyle.

Vanquished Creatures
  Erica (D:8)
  Urug (D:11)
  Maurice (D:8)
  Maggie (D:8)
  3 trolls
  A hornet (D:8)
  A raiju (shapeshifter) (D:7)
  Prince Ribbit (D:8)
  Sigmund (D:3)
  A wyvern (D:11)
  A wraith (D:10)
  12 yaks
  3 steam dragons
  An acid dragon (D:7)
  A water moccasin (D:7)
  3 ice beasts
  4 sky beasts
  2 orc warriors (D:9)
  2 black bears (D:7)
  2 wolves (D:8)
  5 centaurs
  3 phantoms
  2 kobold brigands
  2 bullfrogs (D:7)
  2 gnoll sergeants
  2 scorpions
  5 howler monkeys
  4 electric eels (D:8)
  3 bullfrog zombies (Ossuary)
  An orc priest (D:10)
  3 jellies
  2 bombardier beetles
  A gnoll bouda (D:6)
  6 hounds
  2 iguanas (D:5)
  A sleepcap (D:6)
  6 mummies (Ossuary)
  2 orc wizards
  2 crocodile zombies (Ossuary)
  4 hound zombies (Ossuary)
  2 howler monkey zombies (Ossuary)
  20 gnolls
  11 adders
  3 white imps
  2 ribbon worms
  3 dart slugs
  12 orcs
  12 ball pythons
  7 endoplasms
  7 giant cockroaches
  13 goblins
  4 hobgoblins
  4 jackals (D:3)
  17 kobolds
  7 quokkas
  3 ball python zombies (Ossuary)
  3 bats
  4 frilled lizards
  8 rats
243 creatures vanquished.

Vanquished Creatures (collateral kills)
  An ice beast (D:4)
  A bullfrog zombie (Ossuary)
  A killer bee zombie (Ossuary)
  A crocodile zombie (Ossuary)
  A hound zombie (Ossuary)
  A mummy (Ossuary)
  A ball python zombie (Ossuary)
7 creatures vanquished.

Grand Total: 250 creatures vanquished

Notes
Turn   | Place    | Note
-------+----------+-------------------------------------------
     0 | D:1      | cforsyth the Djinni Hedge Wizard began the quest for the
                  | Orb.
     0 | D:1      | cforsyth set off with the following spells memorised: Magic
                  | Dart, Slow, Blink, Call Imp, Mephitic Cloud.
     0 | D:1      | Reached XP level 1. HP: 15/15 MP: 0/0
    24 | D:1      | Found a faded altar of an unknown god.
    83 | D:1      | Reached XP level 2. HP: 2/22 MP: 0/0
   217 | D:1      | Reached skill level 1 in Fighting
   440 | D:1      | Reached XP level 3. HP: 26/27 MP: 0/0
   440 | D:1      | Learned a level 1 spell: Kiss of Death
   485 | D:1      | Found Xahun's Jewellery Shoppe.
   824 | D:1      | Reached skill level 2 in Fighting
   912 | D:2      | Reached XP level 4. HP: 29/33 MP: 0/0
  1212 | D:2      | Reached XP level 5. HP: 37/40 MP: 0/0
  1212 | D:2      | Learned a level 2 spell: Momentum Strike
  1245 | D:2      | Found a snail-covered altar of Cheibriados.
  1304 | D:2      | Reached skill level 3 in Fighting
  1793 | D:3      | Found a white marble altar of Elyvilon.
  1811 | D:3      | Noticed Sigmund
  1820 | D:3      | Killed Sigmund
  1821 | D:3      | Reached skill level 4 in Fighting
  1821 | D:3      | Reached XP level 6. HP: 37/47 MP: 0/0
  2426 | D:4      | Found a sand-covered staircase.
  2457 | D:4      | Reached XP level 7. HP: 50/53 MP: 0/0
  2457 | D:4      | Learned a level 3 spell: Dazzling Flash
  2491 | Ossuary  | Entered an ossuary
  2529 | Ossuary  | Reached skill level 5 in Fighting
  2534 | Ossuary  | Reached skill level 5 in Spellcasting
  2534 | Ossuary  | Reached skill level 5 in Conjurations
  2534 | Ossuary  | Reached skill level 5 in Hexes
  2534 | Ossuary  | Reached skill level 5 in Summonings
  2534 | Ossuary  | Reached skill level 5 in Necromancy
  2534 | Ossuary  | Reached skill level 5 in Translocations
  2534 | Ossuary  | Reached skill level 5 in Fire Magic
  2534 | Ossuary  | Reached skill level 5 in Ice Magic
  2534 | Ossuary  | Reached skill level 5 in Air Magic
  2534 | Ossuary  | Reached skill level 5 in Earth Magic
  2534 | Ossuary  | Reached skill level 5 in Alchemy
  2815 | Ossuary  | Reached XP level 8. HP: 26/61 MP: 0/0
  3130 | Ossuary  | Reached skill level 6 in Fighting
  4235 | D:5      | Entered Level 5 of the Dungeon
  4511 | D:5      | Found a staircase to the Ecumenical Temple.
  4524 | Temple   | Entered the Ecumenical Temple
  4561 | Temple   | Became a worshipper of Gozag Ym Sagoz the Greedy
  4606 | D:5      | Found an iron altar of Okawaru.
  4611 | D:5      | Reached skill level 7 in Fighting
  4632 | D:5      | Found a hazy altar of Hepliaklqana.
  5405 | D:6      | Reached XP level 9. HP: 60/68 MP: 0/0
  5405 | D:6      | Learned a level 4 spell: Flame Wave
  5584 | D:6      | Reached skill level 8 in Fighting
  7008 | D:7      | Reached skill level 9 in Fighting
  7428 | D:7      | Reached XP level 10. HP: 71/78 MP: 0/0
  8179 | D:8      | Noticed Maurice
  8263 | D:8      | Killed Maurice
  8264 | D:8      | Reached skill level 10 in Fighting
  8366 | D:8      | Noticed a purple ugly thing
  8388 | D:7      | a steam dragon changed into a harpy
  8388 | D:7      | Noticed a harpy (shapeshifter)
  8395 | D:7      | a harpy changed into a raiju
  8877 | D:8      | Noticed Erica
  9082 | D:8      | Killed Erica
  9195 | D:8      | Noticed Maggie
  9198 | D:8      | Noticed Prince Ribbit
  9207 | D:8      | Killed Prince Ribbit
  9226 | D:8      | Killed Maggie
  9227 | D:8      | Reached skill level 11 in Fighting
  9285 | D:8      | Reached XP level 11. HP: 15/87 MP: 0/0
  9285 | D:8      | Learned a level 4 spell: Leda's Liquefaction
  9788 | D:8      | Found a staircase to the Lair.
 10007 | D:9      | Found a staircase to the Orcish Mines.
 10271 | D:9      | Reached skill level 12 in Fighting
 10440 | D:9      | Found Imneejih's Assorted Antiques.
 10449 | D:9      | Bought a scroll labelled DAGAN KUEWK for 32 gold pieces
 10449 | D:9      | Bought a scroll labelled DAGAN KUEWK for 32 gold pieces
 10449 | D:9      | Bought a scroll labelled DAGAN KUEWK for 32 gold pieces
 10449 | D:9      | Bought a scroll of identify for 64 gold pieces
 10911 | D:10     | Entered Level 10 of the Dungeon
 10997 | D:10     | Found a basalt altar of Yredelemnul.
 11864 | D:10     | Reached skill level 10 in Spellcasting
 11864 | D:10     | Reached skill level 10 in Conjurations
 11864 | D:10     | Reached skill level 10 in Hexes
 11864 | D:10     | Reached skill level 10 in Summonings
 11864 | D:10     | Reached skill level 10 in Necromancy
 11864 | D:10     | Reached skill level 10 in Translocations
 11864 | D:10     | Reached skill level 10 in Fire Magic
 11864 | D:10     | Reached skill level 10 in Ice Magic
 11864 | D:10     | Reached skill level 10 in Air Magic
 11864 | D:10     | Reached skill level 10 in Earth Magic
 11864 | D:10     | Reached skill level 10 in Alchemy
 12660 | D:11     | Noticed Urug
 12874 | D:11     | Killed Urug
 13100 | D:11     | Killed from afar by a gargoyle

Illustrated notes

Levels and vault maps discovered:
D:1:      tarquinn_simple_flora_water_f, layout_basic,
          chequers_ecumenical_altar_twisty, serial_shops, shop,
          minmay_misc_feat_enclosed
D:2:      layout_basic, basic_altar, small_statue_intersection
D:3:      layout_basic, mainiacjoe_overflow_alcove_1, uniq_sigmund
D:4:      layout_basic, mainiacjoe_ossuary_entry_dusty_tomb,
          reono_crystal_passage, nicolae_concentric_dashed_squares_mild,
          saegor_snake_ambush
D:5:      layout_rooms, mainiacjoe_overflow_catwalk_spiral, temple_green,
          hangedman_decor_opposing, hex_large, minmay_fountain_box,
          dreamdust_princess_corridor
D:6:      layout_layer_cave, kennysheep_mini_moat
D:7:      layout_loops_cross, minmay_misc_feat_plants
D:8:      kennysheep_big_flooded_room, layout_rooms, erik_lair_island,
          serial_park_tiny_1, uniq_maggie, uniq_maurice, uniq_prince_ribbit1,
          uniq_erica
D:9:      layout_basic, orc_0_dummy, serial_shops, nicolae_shop_crystal
D:10:     layout_grid_maze, mainiacjoe_overflow_catwalk, hangedman_misty_isle
D:11:     layout_basic, uniq_urug
Temple:   bh_familiar_temple

Skill      XL: |  1  2  3  4  5  6  7  8  9 10 11 |
---------------+----------------------------------+-----
Fighting       | 1 2 4 5 7 9 11 12 | 12.8
Spellcasting   | 4 5 6 7 9 10 | 10.2
Conjurations   | 4 5 6 7 9 10 | 10.2
Hexes          | 4 5 6 7 9 10 | 10.2
Summonings     | 4 5 6 7 9 10 | 10.2
Necromancy     | 4 5 6 7 9 10 | 10.2
Translocations | 4 5 6 7 9 10 | 10.2
Fire Magic     | 4 5 6 7 9 10 | 10.2
Ice Magic      | 4 5 6 7 9 10 | 10.2
Air Magic      | 4 5 6 7 9 10 | 10.2
Earth Magic    | 4 5 6 7 9 10 | 10.2
Alchemy        | 4 5 6 7 9 10 | 10.2
Dodging        | |  2.1
Stealth        | |  1.5

Action                     |  1- 3 |  4- 6 |  7- 9 | 10-12 || total
---------------------------+-------+-------+-------+-------++-------
  Melee: Dagger            |       |     1 |       |       ||     1
         Halberd           |       |       |    86 |       ||    86
   Cast: Magic Dart        |    84 |   122 |   237 |   290 ||   733
         Mephitic Cloud    |       |     3 |     6 |    37 ||    46
         Call Imp          |       |       |    24 |     3 ||    27
         Momentum Strike   |       |       |    16 |       ||    16
         Slow              |       |       |     4 |     1 ||     5
         Blink             |       |       |     3 |     3 ||     6
         Flame Wave        |       |       |    16 |    35 ||    51
         Dazzling Flash    |       |       |     1 |     1 ||     2
         Leda's Liquefacti |       |       |       |     1 ||     1
  Evoke: Wand              |       |       |       |     1 ||     1
    Use: Scroll            |       |     2 |     4 |     8 ||    14
   Stab: Sleeping          |       |       |     1 |       ||     1
 Armour: Robe              |     5 |    13 |   109 |    61 ||   188
  Dodge: Dodged            |     8 |    13 |   146 |   117 ||   284

Table legend: (Time is in decaauts)
 A = Elapsed time spent in this place.
 B = Non-inter-level travel time spent in this place.
 C = Inter-level travel time spent in this place.
 D = Time resting spent in this place.
 E = Time spent auto-exploring this place.
 F = Levels seen in this place.
 G = Mean time per level.
                   A        B        C        D        E       F      G
               +--------+--------+--------+--------+--------+-----+--------+
         Total |  13154 |  12681 |    473 |   1111 |   9372 |  13 | 1011.8 |
       Dungeon |  11920 |  11519 |    401 |    656 |   9017 |  11 | 1083.6 |
        Temple |     73 |      1 |     72 |      0 |      0 |   1 |   73.0 |
       Ossuary |   1160 |   1160 |      0 |    455 |    355 |   1 | 1160.0 |
               +--------+--------+--------+--------+--------+-----+--------+

Top non-repeatable levels by time:
     D:7: 1789 daAuts
     D:6: 1597 daAuts
    D:10: 1431 daAuts
     D:8: 1249 daAuts
 Ossuary: 1160 daAuts
     D:9: 969 daAuts
     D:5: 882 daAuts
     D:4: 874 daAuts
     D:1: 850 daAuts
     D:3: 815 daAuts
    D:11: 765 daAuts
     D:2: 694 daAuts
  Temple: 73 daAuts
